Map: Dusk Towers

Players

SliderArt

  • Race: Terran Terran
  • League: Master

HuShang - Winner!

  • Race: Protoss Protoss
  • League: Grandmaster

VOD

Have the link to the VOD?

Description

Time

  • Played on: March 6, 2016, 8:25 p.m.
  • Length: 13:44
Show
View Real Time Build Order
Export as new Build Order

SliderArt Terran 

Build Orders: Reaper Expand, MMM Bio 

Get SALT Encoding   

  12  0:01  SCV  
  13  0:13  SCV  
  14  0:18  Supply Depot  
  14  0:25  SCV  
  15  0:30  Refinery  
  15  0:43  Barracks  
  15  0:45  SCV  
  16  0:57  SCV  
  17  1:09  SCV  
  19  1:29  Reaper  
  19  1:30  Orbital Command  
  19  1:44  Command Center  
  19  1:56  SCV  
  20  2:03  Supply Depot  
  20  2:08  Barracks Reactor  
  20  2:09  SCV  
  20  2:15  Factory  
  21  2:21  SCV  
  22  2:25  Refinery  
  22  2:33  SCV  
  23  2:45  SCV  
  23  2:48  Marine x2  
  26  2:58  Orbital Command, Widow Mine  
  26  3:01  Starport  
  28  3:06  SCV  
  28  3:08  Marine  
  28  3:09  Marine  
  31  3:19  SCV  
  32  3:25  SCV  
  32  3:26  Marine x2  
  35  3:30  Factory Tech Lab  
  35  3:33  Engineering Bay  
  36  3:41  SCV  
  36  3:42  Medivac  
  36  3:44  SCV  
  39  3:48  Supply Depot  
  39  3:53  SCV, Cyclone  
  43  3:56  SCV  
  43  4:02  Marine x2  
  45  4:03  Liberator  
  45  4:05  SCV  
  46  4:10  SCV  
  46  4:12  Supply Depot  
  47  4:22  SCV  
  51  4:26  Barracks  
  51  4:28  Barracks  
  51  4:30  SCV  
  52  4:33  Missile Turret  
  52  4:36  Supply Depot  
  52  4:41  Terran Infantry Weapons Level 1  
  52  4:46  SCV  
  52  4:47  SCV  
  52  4:48  Factory Reactor  
  52  4:49  Marine x2  
  56  5:00  SCV  
  57  5:15  SCV  
  57  5:19  Barracks Reactor  
  52  5:21  Starport Reactor  
  52  5:22  SCV, Marine, Command Center  
  52  5:25  Marine, Barracks, Widow Mine x2  
  57  5:31  SCV  
  57  5:33  Barracks  
  57  5:34  Refinery  
  58  5:35  Stimpack  
  58  5:43  SCV, Supply Depot  
  58  5:46  Refinery  
  58  5:47  Marauder, Marine  
  62  5:50  SCV  
  62  5:57  Supply Depot  
  63  5:58  Medivac  
  63  6:03  SCV, Marine x2  
  68  6:10  SCV  
  69  6:14  Supply Depot  
  69  6:18  Barracks Tech Lab  
  66  6:19  Widow Mine x2  
  66  6:23  Barracks Tech Lab  
  66  6:24  Medivac  
  66  6:25  SCV x2  
  74  6:26  Marine  
  74  6:27  Marine x4  
  79  6:35  Terran Infantry Armor Level 1  
  79  6:37  SCV x2, Supply Depot  
  79  6:38  Marine  
  82  6:44  Marine  
  83  6:49  SCV x2  
  83  6:51  Marine x2  
  83  6:52  Marauder x2  
  91  6:54  Marine  
  91  6:55  Concussive Shells  
  90  7:01  SCV x2  
  90  7:02  Combat Shields  
  90  7:06  Orbital Command  
  92  7:08  Marine  
  92  7:13  SCV  
  92  7:15  SCV  
  95  7:17  Armory  
  95  7:23  Marine x2  
  95  7:24  Marauder  
  95  7:25  SCV  
  95  7:27  SCV  
  95  7:28  Marine x2  
  95  7:29  Missile Turret  
  103  7:31  Medivac  
  103  7:36  Marauder, Marine  
  108  7:38  SCV  
  108  7:43  SCV  
  110  7:44  Liberator, Engineering Bay  
  110  7:46  Supply Depot  
  110  7:49  Liberator, Marine  
  105  7:55  Marauder, Marine, Widow Mine x2  
  104  8:00  Marine x2  
  104  8:01  Marauder  
  104  8:03  SCV x2  
  113  8:12  SCV  
  117  8:13  Marine  
  117  8:15  Terran Infantry Weapons Level 2  
  117  8:18  Supply Depot  
  117  8:19  Supply Depot  
  116  8:23  Marine x5  
  116  8:25  SCV  
  116  8:26  SCV x2  
  124  8:27  Liberator  
  124  8:40  Refinery  
  124  8:41  Refinery  
  124  8:43  Terran Ship Weapons Level 1, Supply Depot  
  124  8:45  SCV, Supply Depot  
  124  8:47  SCV, Liberator, Marine  
  130  8:51  Marine x3  
  130  8:52  SCV, Marauder x2, Marine  
  139  8:57  SCV  
  140  9:04  Widow Mine x2  
  140  9:05  Marine  
  140  9:08  Supply Depot x2  
  140  9:09  Marine x2  
  150  9:10  Marauder  
  150  9:12  Liberator  
  150  9:13  Marine  
  150  9:14  SCV, Marauder, Marine  
  157  9:22  Marine  
  158  9:25  SCV, Command Center  
  158  9:28  Marine  
  158  9:30  Liberator  
  165  9:31  Marauder, Marine  
  165  9:37  Marine  
  165  9:38  Marauder  
  169  9:45  Marauder, Marine  
  172  9:46  Marine  
  176  9:55  Liberator  
  176  10:23  Marine  
  154  10:29  Marine  
  154  10:30  Marauder  
  154  10:31  Marine  
  154  10:32  Marine x2  
  154  10:33  Marauder  
  143  10:39  Medivac  
  143  10:41  Marine  
  142  10:47  Marine  
  142  10:49  Marine x2  
  140  10:51  Marauder x2  
  140  10:54  Marauder  
  133  10:59  Marine  
  128  11:05  Marine  
  128  11:06  Terran Infantry Weapons Level 3, Terran Infantry Armor Level 2  
  128  11:07  Marine x2  
  128  11:11  Barracks  
  131  11:12  Marauder x2, Barracks  
  131  11:16  Marauder  
  131  11:17  Marine  
  134  11:22  Marine  
  134  11:24  Marine  
  134  11:25  Marine  
  137  11:29  SCV  
  137  11:30  Medivac x2  
  140  11:33  Marauder  
  140  11:34  SCV x2, Marauder, Marine  
  140  11:36  Barracks  
  140  11:37  Marauder  
  132  11:40  Marine  
  132  11:42  Marine  
  132  11:43  Marine  
  116  11:51  Liberator x2  
  116  11:52  Marine, Starport  
  117  11:55  Marauder x2  
  117  11:58  Marine  
  117  11:59  Marauder  
  117  12:00  SCV, Marine  
  117  12:01  Marine, Starport  
  128  12:02  SCV  
  128  12:04  Starport  
  132  12:13  Marine  
  136  12:16  Marauder, Barracks Tech Lab x2  
  136  12:17  Marauder  
  136  12:20  Marauder  
  136  12:21  SCV  
  136  12:22  SCV  
  142  12:23  SCV  
  142  12:27  Marine  
  144  12:34  Marine x2  
  144  12:35  Marauder x2  
  150  12:38  Marauder  
  150  12:41  Liberator x2  
  147  12:50  Marine  
  141  12:56  Marine  
  141  12:57  SCV, Marauder, Marine  
  154  13:06  SCV x2  
  154  13:09  SCV  
  146  13:13  Marine  
  146  13:15  Marine  
  146  13:16  Marine  
  146  13:17  Marine  
  146  13:18  Marauder, Marine  
  131  13:23  Marine  
Show
View Real Time Build Order
Export as new Build Order

HuShang Protoss - Winner!

Build Orders: 1 Gate Expand, Phoenix Opening 

Get SALT Encoding   

  12  0:01  Probe (Chrono Boost)  
  13  0:12  Probe (Chrono Boost)  
  14  0:19  Pylon  
  14  0:22  Probe (Chrono Boost)  
  15  0:37  Gateway  
  15  0:38  Probe (Chrono Boost)  
  15  0:42  Assimilator  
  16  0:48  Probe (Chrono Boost)  
  17  0:59  Probe (Chrono Boost)  
  18  1:09  Probe (Chrono Boost)  
  19  1:20  Nexus  
  19  1:31  Cybernetics Core  
  19  1:35  Probe (Chrono Boost)  
  20  1:43  Assimilator  
  21  1:50  Pylon  
  21  1:51  Probe (Chrono Boost)  
  21  2:02  Probe (Chrono Boost)  
  22  2:09  Adept  
  22  2:13  Mothership Core (Chrono Boost)  
  26  2:17  Warp Gate  
  26  2:31  Probe (Chrono Boost)  
  26  2:34  Probe (Chrono Boost)  
  28  2:42  Probe (Chrono Boost)  
  29  2:44  Probe (Chrono Boost)  
  29  2:48  Adept (Chrono Boost)  
  32  2:53  Probe  
  32  2:54  Probe  
  32  2:56  Stargate  
  34  3:04  Probe  
  34  3:05  Probe  
  38  3:13  Adept (Chrono Boost)  
  38  3:15  Probe  
  38  3:17  Probe  
  40  3:21  Pylon  
  40  3:25  Probe  
  40  3:29  Probe  
  42  3:36  Probe  
  42  3:41  Probe  
  44  3:43  Phoenix (Chrono Boost)  
  44  3:46  Probe  
  47  3:51  Nexus  
  47  3:53  Probe  
  47  3:57  Probe  
  47  4:05  Probe  
  47  4:06  Pylon  
  47  4:07  Probe  
  47  4:09  Phoenix (Chrono Boost)  
  51  4:17  Probe  
  51  4:18  Probe  
  51  4:22  Gateway  
  51  4:23  Gateway  
  53  4:28  Probe  
  53  4:29  Probe  
  53  4:30  Phoenix (Chrono Boost)  
  57  4:39  Probe  
  57  4:41  Probe  
  57  4:44  Twilight Council  
  59  4:47  Forge  
  59  4:49  Probe  
  59  4:52  Phoenix (Chrono Boost)  
  62  4:57  Assimilator  
  62  5:00  Probe  
  62  5:01  Assimilator, Probe  
  59  5:07  Probe  
  59  5:11  Probe  
  59  5:13  Probe  
  60  5:18  Probe  
  60  5:21  Protoss Ground Weapons Level 1 (Chrono Boost), Probe  
  59  5:25  Probe  
  61  5:28  Probe  
  61  5:32  Robotics Facility  
  61  5:37  Resonating Glaives  
  61  5:38  Phoenix (Chrono Boost), Probe  
  61  5:39  Probe  
  61  5:40  Probe  
  66  5:49  Probe  
  66  5:50  Probe  
  66  5:52  Probe  
  69  6:00  Probe  
  69  6:03  Probe  
  66  6:04  Probe  
  66  6:10  Probe  
  66  6:15  Probe  
  66  6:16  Probe  
  68  6:21  Probe  
  69  6:26  Pylon  
  69  6:27  Probe  
  69  6:28  Pylon, Probe  
  69  6:32  Observer (Chrono Boost), Probe  
  68  6:39  Probe  
  71  6:40  Probe  
  71  6:44  Probe  
  73  6:47  Gateway  
  73  6:48  Gateway  
  73  6:49  Gateway, Observer  
  73  6:50  Gateway  
  73  6:51  Probe  
  73  6:53  Gateway, Probe  
  76  6:56  Probe  
  77  7:03  Probe  
  77  7:05  Probe  
  77  7:08  Probe  
  80  7:15  Probe  
  81  7:18  Probe  
  81  7:19  Blink  
  81  7:20  Probe  
  83  7:22  Adept  
  83  7:23  Adept x2  
  83  7:26  Pylon x2  
  89  7:31  Phoenix  
  89  7:34  Protoss Ground Weapons Level 2 (Chrono Boost)  
  91  7:38  Pylon  
  91  7:39  Immortal  
  91  7:40  Pylon  
  95  7:44  Pylon, Sentry x3  
  95  7:46  Pylon  
  95  7:47  Pylon  
  99  7:51  Adept x4  
  105  8:00  Adept  
  107  8:08  Robotics Bay, Probe  
  107  8:09  Probe x2  
  110  8:13  Assimilator, Immortal  
  110  8:17  Assimilator  
  114  8:28  Pylon x2, Photon Cannon  
  114  8:30  Pylon, Photon Cannon  
  114  8:41  Forge  
  114  8:50  Adept x8  
  114  8:51  Colossus  
  114  8:54  Robotics Facility  
  130  8:56  Extended Thermal Lance  
  136  9:14  Protoss Ground Armor Level 1 (Chrono Boost)  
  136  9:20  Nexus  
  136  9:35  Nexus  
  136  9:36  Pylon  
  136  9:37  Protoss Ground Weapons Level 3 (Chrono Boost)  
  136  9:38  Pylon  
  136  9:40  Pylon  
  136  9:41  Adept x2, Pylon  
  136  9:42  Adept x5  
  136  9:43  Adept, Colossus  
  158  9:57  Colossus  
  164  10:12  Adept  
  164  10:14  Adept x6  
  178  10:27  Adept  
  160  10:35  Adept x7  
  135  10:57  Colossus  
  135  10:58  Adept x8  
  139  11:22  Stalker x7  
  139  11:24  Stalker  
  143  11:45  Stalker  
  143  11:46  Stalker x5  
  143  11:57  Sentry x2  
  147  12:02  Immortal (Chrono Boost)  
  147  12:05  Immortal (Chrono Boost)  
  155  12:16  Sentry x3  
  155  12:17  Adept x3  
  167  12:30  Adept x2  
  171  12:43  Stalker  
  171  12:44  Stalker x5  
  183  12:55  Stalker x2  
  181  13:06  Stalker  
  181  13:07  Stalker x5  
  177  13:22  Adept x2  
  177  13:40  Nexus  
Tags
 
Add a new tag
Caveats
  • Supply blocks, unpowered buildings, or Contaminate may cause inaccurate times.
  • Supply counts are checked every 10 seconds.